 Dungeon Crawl Stone Soup version 0.26-a0-738-g91b530ce93 (webtiles) character file.

21 Arkorax the Insei (level 2, 6/16 HPs)
             Began as a Vine Stalker Monk on Oct 1, 2017.
             Quit the game on level 1 of the Dungeon on Nov 5, 2020.
             The game lasted 00:00:56 (337 turns).

Arkorax the Insei (Vine Stalker Monk)                Turns: 337, Time: 00:00:56

Health: 6/16       AC:  1    Str: 13    XL:     2   Next: 87%
Magic:  3/3        EV: 13    Int: 10    God:
Gold:   20         SH:  0    Dex: 16    Spells: 1/1 levels left

rFire    . . .     SeeInvis .     - Unarmed
rCold    . . .     Faith    .   (no shield)
rNeg     . . .     Spirit   +   c - -1 robe (curse)
rPois    .         Reflect  .   (no helmet)
rElec    .         Harm     .   (no cloak)
rCorr    .         Rampage  .   (no gloves)
MR       .....                  (no boots)
Stlth    ++........             (no amulet)
HPRegen  0.05/turn              (no ring)
MPRegen  0.08/turn              (no ring)

@: no status effects
A: fangs 2, magic shield, antimagic bite, no potion heal 3, rot immunity
a: no special abilities


You were on level 1 of the Dungeon.
You visited 1 branch of the dungeon, and saw 1 of its levels.

You collected 20 gold pieces.

Inventory:

Armour
 a - a +0 robe
 c - a cursed -1 robe (worn)
Scrolls
 h - a scroll of noise {unknown}
Potions
 e - a potion of heal wounds {unknown}
 g - a potion of curing {unknown}
Comestibles
 b - 2 removed foods
 d - 4 removed foods
 f - a removed food


   Skills:
 + Level 2.9 Fighting
 + Level 2.6 Dodging
 - Level 2.4 Stealth
 * Level 3.6 Unarmed Combat


You had one spell level left.
You didn't know any spells.
Your spell library was empty.

Dungeon Overview and Level Annotations

Branches:
Dungeon (1/15)

Altars:


Innate Abilities, Weirdness & Mutations

You have extremely sharp teeth.
When hurt, damage is shared between your health and your magic reserves.
Your bite disrupts and absorbs the magic of your enemies.
Potions cannot restore your health.
You are immune to rotting.


Message History

a dagger; a club; a goblin corpse; a hobgoblin corpse You hit the rat.
You kill the rat!
Items here: )) †† a dagger; a club; a goblin corpse; a hobgoblin corpse Butcher a goblin corpse? [(y)es/(c)hoosy/(n)o/(a)ll/(e)dible/(q)uit/?]
You butcher the goblin corpse.
You butcher the hobgoblin corpse.
d - a chunk of flesh;
d - 4 chunks of flesh (gained 3)
Things that are here:
a dagger; a club; a goblin skeleton Saving game... please wait.
Welcome back, Arkorax the Vine Stalker Monk.
Press ? for a list of commands and other information.
Saving game... please wait.
Welcome back, Arkorax the Vine Stalker Monk.
Press ? for a list of commands and other information.
Okay, then.
Are you sure you want to abandon this character and quit the game? (Confirm with "yes".)

#####..........#.'.†.........#
....+..........###...........#
#####..........# #.(.†.......#
............>..###############
.......................#
...............#######.#
......##+###+#.# #.#
......##.###(..#######.#
......##........@).....#
......#######..#########
.....## ##.## .###.# #..#
#.###..#### #.........#
#...)...#.# #.......# #
#.......#


There were no monsters in sight!

Vanquished Creatures
  A dart slug (D:1)
  A ball python (D:1)
  3 giant cockroaches (D:1)
  3 goblins (D:1)
  A hobgoblin (D:1)
  2 jackals (D:1)
  2 kobolds (D:1)
  5 rats (D:1)
18 creatures vanquished.

Notes
Turn   | Place    | Note
-------+----------+-------------------------------------------
     0 | D:1      | Arkorax the Vine Stalker Monk began the quest for the Orb.
     0 | D:1      | Reached XP level 1. HP: 11/11 MP: 2/2
   138 | D:1      | Reached XP level 2. HP: 11/16 MP: 0/3
   336 | D:1      | Upgraded the game from 0.21-a0-324-gfc3775b to
                  | 0.21-a0-356-g45b0a09
   337 | D:1      | Quit the game

Illustrated notes

Levels and vault maps discovered:
D:1:      onia_arrival_larder, grunt_decor_one_mirror

Action                   || total
-------------------------++-------
Melee: Unarmed           ||    53
       Bite              ||    17
 Stab: Sleeping          ||     5
Armor: Robe              ||     7
Dodge: Dodged            ||    29

Table legend: (Time is in decaauts)
 A = Elapsed time spent in this place.
 B = Non-inter-level travel time spent in this place.
 C = Inter-level travel time spent in this place.
 D = Time resting spent in this place.
 E = Time spent auto-exploring this place.
 F = Levels seen in this place.
 G = Mean time per level.
                   A        B        C        D        E       F      G
               +--------+--------+--------+--------+--------+-----+--------+
         Total |    334 |    329 |      5 |     33 |    158 |   1 |  334.0 |
       Dungeon |    334 |    329 |      5 |     33 |    158 |   1 |  334.0 |
               +--------+--------+--------+--------+--------+-----+--------+

Top non-repeatable levels by time:
     D:1: 1 daAuts
Note: time per level data comes from an upgraded game and may be incomplete.
